 Dungeon Crawl Stone Soup version 0.18.1-48-g4cf74bf (webtiles) character file.

988 Mesmaeker13 the Cudgeler (level 8, -15/87 HPs)
             Began as an Ogre Gladiator on Aug 3, 2016.
             Demolished by Pikel
             ... wielding a +2 whip of electrocution
              (17 damage)
             ... on level 5 of the Dungeon.
             The game lasted 00:11:08 (6379 turns).

Mesmaeker13 the Cudgeler (Ogre Gladiator)           Turns: 6379, Time: 00:11:08

Health: -15/87     AC:  7    Str: 21    XL:     8   Next: 18%
Magic:  8/8        EV: 12    Int:  8    God:
Gold:   202        SH:  0    Dex: 11    Spells: 0 memorised, 7 levels left

rFire  . . .     SeeInvis .     a - +1 flail
rCold  . . .     Gourm    .     b - +0 robe
rNeg   . . .     Faith    .     (no shield)
rPois  .         Spirit   .     c - +1 hat
rElec  .         Dismiss  +     o - +2 cloak
rCorr  .         Reflect  .     (gloves unavailable)
SustAt .         Harm     .     (boots unavailable)
MR     .....                    e - amulet of dismissal
Stlth  +.........               (no ring)
                                (no ring)

@: not resistant to hostile enchantments, very unstealthy
A: unfitting armour, tough skin 1
a: no special abilities


You were on level 5 of the Dungeon.
You were not hungry.

You visited 1 branch of the dungeon, and saw 5 of its levels.

You collected 202 gold pieces.

Inventory:

Hand Weapons
 a - a +1 flail (weapon)
Missiles
 d - 3 throwing nets (quivered)
Armour
 b - a +0 robe (worn)
 c - a +1 hat (worn)
 n - a +0 animal skin
 o - a +2 cloak (worn)
Jewellery
 e - an amulet of dismissal (around neck)
Wands
 y - a wand of heal wounds (6/9)
Scrolls
 h - a scroll of magic mapping {unknown}
 i - 2 scrolls of teleportation
 m - a scroll of remove curse
 q - a scroll of immolation
 t - a scroll of amnesia {unknown}
 u - a scroll of noise {unknown}
 x - a scroll of blinking
Potions
 g - a potion of cancellation {unknown}
 j - a potion of degeneration {unknown}
 k - a potion of curing {unknown}
 r - a potion of heal wounds
 s - a potion of cure mutation {unknown}
 v - a potion of berserk rage
Comestibles
 f - 5 bread rations
 l - 3 slices of pizza
 w - a beef jerky
 z - a meat ration


   Skills:
 + Level 7.5 Fighting
 + Level 7.7 Maces & Flails
 - Level 2.0 Throwing
 + Level 5.6 Dodging


You had 7 spell levels left.
You didn't know any spells.

Dungeon Overview and Level Annotations

Branches:
Dungeon (5/15)
 Temple: D:4-7

Altars:
Ashenzari
Dithmenos
Fedhas
Kikubaaqudgha
Sif Muna

Shops:
D:4 *   D:5 }

Annotations:
D:5 Pikel


Innate Abilities, Weirdness & Mutations

You are too large for most types of armour.
You have tough skin (AC +1).


Message History

You are too injured to fight recklessly!
You are too injured to fight recklessly!
You are too injured to fight recklessly!
You are too injured to fight recklessly!
You are too injured to fight recklessly!
You are too injured to fight recklessly!
You are too injured to fight recklessly!
You hit Pikel.
Pikel is moderately wounded.
Pikel hits you but does no damage.
You are electrocuted!
* * * LOW HITPOINT WARNING * * *
You hit Pikel but do no damage.
Pikel is moderately wounded.
Pikel closely misses you.
You closely miss Pikel.
Pikel is moderately wounded.
Pikel hits you with a whip of electrocution.
* * * LOW HITPOINT WARNING * * *
You are electrocuted!
You die...

.#.......#.....#..>...#
.#....pK.#.....#......#
.#.....<.#.....'......#
###.#######....########
###.##...##....##....##
......................#
......................#
.....................##
..<.........∩...@K...##
......................#
#...##...##...........#
######...##...........#
....#.................#
....#.................#
....#..........##'#########
....#..........##....##...##
....#......................#


You could see Pikel.

Vanquished Creatures
  4 slaves (D:5)
  2 ice beasts (D:5)
  2 phantoms
  A scorpion (D:5)
  3 howler monkeys
  A crimson imp (D:5)
  A giant frog zombie (D:5)
  A hound (D:5)
  A jelly (D:5)
  An orc priest (D:3)
  Natasha (twice) (D:4)
  2 iguanas
  2 worker ants (D:4)
  An orc wizard (D:3)
  5 adders
  A shadow imp (D:5)
  An adder zombie (D:5)
  3 worms
  A dart slug (D:5)
  3 giant geckos
  7 orcs
  6 bats
  3 giant cockroaches
  9 goblins
  6 hobgoblins
  4 jackals
  A quokka (D:2)
  A giant gecko skeleton (D:4)
  5 giant newts
  8 kobolds
  A quokka zombie (D:5)
  3 rats
92 creatures vanquished.

Notes
Turn   | Place    | Note
--------------------------------------------------------------
     0 | D:1      | Mesmaeker13 the Ogre Gladiator began the quest for the Orb.
     0 | D:1      | Reached XP level 1. HP: 22/22 MP: 1/1
   177 | D:1      | Reached XP level 2. HP: 13/31 MP: 2/2
   730 | D:1      | You fall through a shaft!
   825 | D:2      | Reached XP level 3. HP: 3/37 MP: 3/3
  2176 | D:1      | Reached XP level 4. HP: 47/48 MP: 4/4
  2674 | D:3      | Reached skill level 5 in Maces & Flails
  2724 | D:3      | Found a deep blue altar of Sif Muna.
  2794 | D:3      | Reached XP level 5. HP: 52/55 MP: 5/5
  3393 | D:4      | Found an ancient bone altar of Kikubaaqudgha.
  3436 | D:4      | Noticed Natasha
  3458 | D:4      | Killed Natasha
  3458 | D:4      | Reached skill level 5 in Fighting
  3692 | D:4      | Reached XP level 6. HP: 66/66 MP: 6/6
  3701 | D:4      | Noticed Natasha
  3807 | D:4      | Found a shadowy altar of Dithmenos.
  3861 | D:4      | Noticed a phantom
  3900 | D:4      | Killed a phantom
  4133 | D:4      | Killed Natasha
  4145 | D:4      | Found Lyaghoeffo's General Store.
  4210 | D:4      | Found a blossoming altar of Fedhas.
  4210 | D:4      | Found a shattered altar of Ashenzari.
  4300 | D:5      | Entered Level 5 of the Dungeon
  4357 | D:5      | Noticed an ice beast
  4435 | D:5      | Reached XP level 7. HP: 37/75 MP: 7/7
  4659 | D:5      | Found Duemnuka's Gadget Emporium.
  4935 | D:5      | Reached skill level 5 in Dodging
  5203 | D:5      | Noticed Pikel
  5921 | D:5      | Reached XP level 8. HP: 87/87 MP: 8/8
  6042 | D:5      | Found a shadowy altar of Dithmenos.
  6379 | D:5      | HP: 2/87 [Pikel/whip of electrocution (5)]
  6379 | D:5      | Demolished by Pikel

Skill      XL: |  1  2  3  4  5  6  7 |
---------------+----------------------+-----
Fighting       | 3 4 5 6 7 |  7.5
Dodging        | 3 4 5 |  5.6
Maces & Flails | 5 6 7 |  7.7
Throwing       | |  2.0

Action                   |  1- 3 |  4- 6 |  7- 9 || total
-------------------------+-------+-------+-------++-------
Melee: Flail             |   113 |   149 |   141 ||   403
  Use: Scroll            |     5 |     4 |     4 ||    13
       Potion            |     2 |       |     2 ||     4
 Stab: Sleeping          |       |     1 |       ||     1
  Eat: Chunk             |     3 |     7 |       ||    10
       Meat ration       |       |       |     2 ||     2
Armor: Robe              |    72 |    59 |    49 ||   180
Dodge: Dodged            |   100 |    88 |    70 ||   258
